Cogmind - Beta 13 @@@ ROGUE MODE // 2024.04.21 @ 23:09:23 Player: Faunarr Result: Destroyed by S-10 Pest with Light Assault Rifle Performance ------------- Evolutions (0) 0 Regions Visited (2) 400 Robots Destroyed (15) 75 Value Destroyed (359) 359 Prototype IDs (0) 0 Alien Tech Used (0) 0 Bonus (0) 0 TOTAL SCORE: 834 Bonus ------- None Cogmind --------- Core Integrity 0/250 Matter 300/300 Energy 160/160 System Corruption 0% Temperature Cool (12) Movement Core (200) Ox3 Location -10/Mines Parts ------- > --- POWER (1) -------- Light Nuclear Core > --- PROPULSION (2) --- (None) > --- UTILITY (2) ------ Small Storage Unit > --- WEAPON (2) ------- (None) > --- INVENTORY (8) ---- Ion Engine Ion Engine Light Ion Engine Light Ion Engine Improved Heat Sink Hammer Peak State ------------ > --- POWER ------------ Light Nuclear Core > --- PROPULSION ------- Light Treads > --- UTILITY ---------- Small Storage Unit > --- WEAPON ----------- Light Assault Rifle Light Assault Rifle > --- INVENTORY -------- Light Ion Engine Light Ion Engine Small Laser Hammer [Rating: 7] Favorites ----------- Power Light Nuclear Core Engine Light Ion Engine Power Core Light Nuclear Core Propulsion Light Treads Treads Light Treads Utility Small Storage Unit Storage Small Storage Unit Weapon Light Assault Rifle Energy Gun Small Laser Ballistic Gun Light Assault Rifle Build | -11 -10 -10 ------- Run | Yrd Mat Min Slots Evolved . | . . . Power . | . . . Propulsion . | . . . Utility . | . . . Weapon . | . . . Parts Attached 8 | 6 2 . Power 2 | 1 1 . Engine 1 | 1 . . Core 1 | . 1 . Reactor . | . . . Propulsion 2 | 2 . . Treads 2 | 2 . . Leg . | . . . Wheel . | . . . Hover . | . . . Flight . | . . . Utility 1 | 1 . . Device . | . . . Storage 1 | 1 . . Processor . | . . . Hackware . | . . . Protection . | . . . Artifact . | . . . Weapon 3 | 2 1 . Energy Gun 1 | . 1 . Energy Cannon . | . . . Ballistic Gun 2 | 2 . . Ballistic Cannon . | . . . Launcher . | . . . Special Weapon . | . . . Impact Weapon . | . . . Slashing Weapon . | . . . Piercing Weapon . | . . . Special Melee Weapon . | . . . Unidentified Prototypes . | . . . Parts Lost 5 | . 4 1 Power . | . . . Propulsion 2 | . 2 . Utility . | . . . Weapon 3 | . 2 1 Highest Loss Streak 2 | . 2 1 To Critical Strikes . | . . . Average Slot Usage (%) 68 | . 68 42 Engine 4 | . 4 . Core 9 | . 9 14 Treads 15 | . 15 . Storage 14 | . 14 14 Energy Gun 3 | . 3 14 Ballistic Gun 20 | . 20 . Naked Turns . | . . . Heaviest Build 12 | 10 12 . Greatest Support 40 | 40 40 . Greatest Overweight (x) 3 | . 3 . Average Overweight (x) . | . . . Largest Inventory Capacity 8 | 8 8 8 Average Capacity 7 | 7 8 8 Most Carried 6 | 5 6 6 Average Carried 3 | 2 3 6 Final Capacity 8 | 8 8 8 Final Carried 6 | 2 6 6 Class Distribution -------------------- 100% | Mutant Dominant Class ---------------- Mutant | -10/Materials Mutant | -10/Mines Resources | -11 -10 -10 ----------- Run | Yrd Mat Min Matter Collected 373 | 254 119 . Remotely . | . . . Salvage Created 536 | 87 439 10 Parts 29 | 4 24 1 Haulers Intercepted 1 | . 1 . Recyclers Shooed 2 | . 2 . Parts Field Recycled . | . . . Retrieved Matter . | . . . Parts Self-Destructed . | . . . Prevented . | . . . Kills | -11 -10 -10 ------- Run | Yrd Mat Min Combat Hostiles Destroyed 11 | . 10 1 Guns 11 | . 10 1 Classes Destroyed 6 | 2 4 . Tunneler 1 | 1 . . Hauler 1 | . 1 . Recycler 1 | 1 . . Watcher 1 | . 1 . Swarmer 3 | . 2 1 Grunt 8 | . 8 . Best Kill Streak 4 | 2 4 1 Combat Bots Only 4 | . 4 1 Max Kills in Single Turn 1 | 1 1 1 Gunslinging . | . . . Exploded . | . . . Melee . | . . . Uniques/NPCs Destroyed . | . . . Combat | -11 -10 -10 -------- Run | Yrd Mat Min Hostile Shots Fired 129 | . 122 7 Missed 37 | . 35 2 Damage Taken 967 | . 931 36 Core 250 | . 229 21 Absorbed by Shields . | . . . Core Remaining (%) 100 | 100 . . Volleys Fired 77 | 7 67 3 Largest 2 | 2 2 1 Hottest 60 | 40 60 40 Shots Fired 137 | 14 120 3 Gun 137 | 14 120 3 Cannon . | . . . Launcher . | . . . Special . | . . . Kinetic 117 | 14 103 . Thermal 20 | . 17 3 Explosive . | . . . Electromagnetic . | . . . Robot Hit Streak 18 | 6 18 4 Robot Miss Streak 5 | 2 5 1 Penetration Max . | . . . Secondary Targets 3 | . 3 . Max Gunslinging Chain 1 | . 1 . Shots Hit Robots 103 | 10 91 2 Core Hits 37 | 5 31 1 Critical Kills . | . . . Critical Parts Destroyed 1 | . 1 . Critical Strikes 1 | . 1 . Destroy 1 | . 1 . Melee Attacks . | . . . Impact . | . . . Slashing . | . . . Piercing . | . . . Sneak Attacks . | . . . Combat Hostiles . | . . . Follow-up Attacks . | . . . Damage Inflicted 892 | 82 788 22 Guns 890 | 80 788 22 Cannons . | . . . Explosions . | . . . Melee . | . . . Ramming 2 | 2 . . Kinetic 726 | 80 646 . Thermal 164 | . 142 22 Explosive . | . . . Electromagnetic . | . . . Impact . | . . . Slashing . | . . . Piercing . | . . . Highest Corruption . | . . . Average Corruption . | . . . Corruption Purged . | . . . Corruption Blocked . | . . . Overload Shots . | . . . Overflow Damage . | . . . Projectiles . | . . . Explosions . | . . . Melee . | . . . Knockbacks . | . . . Impact . | . . . Kinetic . | . . . Secondary . | . . . Self-Inflicted Damage . | . . . Shots . | . . . Rammed 3 | 3 . . Targets Rammed 3 | 3 . . Kicked . | . . . Crushed . | . . . Highest Temperature 103 | . 103 12 Average Temperature 24 | . 25 7 Received Heat Transfer 387 | . 387 . Siege Activations . | . . . Robots Corrupted . | . . . Combat Hostiles . | . . . Parts Fried . | . . . Impact Corruptions . | . . . Robots Melted . | . . . Combat Hostiles . | . . . Parts Melted 2 | . 2 . Heat Transferred 375 | . 325 50 Parts Sabotaged . | . . . Parts Stolen . | . . . Parts Stripped . | . . . Power Chain Reactions . | . . . Alert | -11 -10 -10 ------- Run | Yrd Mat Min Peak Influence 195 | 10 195 64 Initial 44 | . 6 44 Average 89 | 3 110 55 Maximum Alert Level . | . . . Low Security (%) 100 | 100 100 100 Level 1 . | . . . Level 2 . | . . . Level 3 . | . . . Level 4 . | . . . Level 5 . | . . . High Security . | . . . Max Security . | . . . Squads Dispatched 1 | . 1 . Investigation . | . . . Extermination . | . . . Reinforcement 1 | . 1 . Assault . | . . . Garrison . | . . . Intercept . | . . . Searches Triggered . | . . . Construction Impeded . | . . . Haulers Reinforced . | . . . Active Scanning Responses . | . . . Cargo Convoy Interrupts . | . . . Stealth | -11 -10 -10 --------- Run | Yrd Mat Min Distress Signals . | . . . Communications Jammed . | . . . Distress Signals . | . . . Times Spotted 18 | . 15 3 Peak Tracking Total 5 | . 5 3 Tactical Retreats 1 | . 1 . Traps | -11 -10 -10 ------- Run | Yrd Mat Min Traps Triggered . | . . . Indirectly . | . . . Trap Hack Attempts . | . . . Triggered . | . . . Disarmed . | . . . Reprogrammed . | . . . Reused . | . . . Traps Extracted . | . . . Installed . | . . . Triggered . | . . . Machines | -11 -10 -10 ---------- Run | Yrd Mat Min Machines Disabled . | . . . Max in Single Turn . | . . . Machines Repaired . | . . . Machines Dismantled . | . . . Machines Sabotaged . | . . . Overloaded Fab Kills . | . . . Hacking | -11 -10 -10 --------- Run | Yrd Mat Min Machines Accessed . | . . . Terminals . | . . . Fabricators . | . . . Repair Stations . | . . . Recycling Units . | . . . Scanalyzers . | . . . Garrison Access . | . . . Total Hacks . | . . . Successful . | . . . Failed . | . . . Catastrophic . | . . . Database Lockouts . | . . . Manual . | . . . Terminals . | . . . Fabricators . | . . . Repair Stations . | . . . Recycling Units . | . . . Scanalyzers . | . . . Garrison Access . | . . . Terminal Hacks . | . . . Fabricator Hacks . | . . . Repair Station Hacks . | . . . Recycling Unit Hacks . | . . . Scanalyzer . | . . . Garrison Access Hacks . | . . . Unauthorized Hacks . | . . . Terminals . | . . . Fabricators . | . . . Repair Stations . | . . . Recycling Units . | . . . Scanalyzers . | . . . Garrison Access . | . . . Data Cores Recovered . | . . . Used . | . . . Hacking Detections . | . . . Full Trace Events . | . . . Feedback Events . | . . . Feedback Blocked . | . . . Robot Schematics Acquired . | . . . Robots Built . | . . . Authchips . | . . . Time . | . . . Total Robot Build Rating . | . . . Part Schematics Acquired . | . . . Parts Built . | . . . Authchips . | . . . Time . | . . . Total Part Build Rating . | . . . Parts Repaired . | . . . Time . | . . . Parts Recycled . | . . . Recycled Matter . | . . . Retrieved Matter . | . . . Retrieved Components . | . . . Parts Scanalyzed . | . . . Part Schematics Acquired . | . . . Parts Damaged . | . . . Bothacking | -11 -10 -10 ------------ Run | Yrd Mat Min Used RIF Installer . | . . . Robots Hacked . | . . . Non-combat . | . . . Combat . | . . . Robot Hacks Applied . | . . . Relay Couplers Released . | . . . Fabnet Peak Effective % . | . . . Robots Rewired . | . . . Allies Hacked . | . . . Hacks Repelled . | . . . Allies | -11 -10 -10 -------- Run | Yrd Mat Min Total Allies . | . . . Largest Group . | . . . Highest-Rated Group . | . . . Highest-Rated Ally . | . . . Total Orders . | . . . Ally Attacks . | . . . Total Damage . | . . . Kills . | . . . Allies Corrupted . | . . . Allies Melted . | . . . Intel | -11 -10 -10 ------- Run | Yrd Mat Min Robot Analysis Total . | . . . Derelict Logs Recovered . | . . . Drone Launches . | . . . Drone Recoveries . | . . . Exploration | -11 -10 -10 ------------- Run | Yrd Mat Min Turns Passed 740 | 140 594 6 Spaces Moved 327 | 74 253 . Core 55 | 13 42 . Treads 272 | 61 211 . Legs . | . . . Wheels . | . . . Hover . | . . . Flight . | . . . Fastest Speed 50 | 50 160 . Average Speed 160 | 140 166 . Slowest Speed 200 | 160 200 . Overloaded Moves . | . . . Propulsion Burnouts . | . . . Robots Hopped . | . . . Cave-ins Triggered . | . . . Exploration Rate (%) 17 | 5 41 5 Regions Visited 2 Branch Regions 1 Pre-discovered Areas . | . . . Known Exits Taken . | . . . Unknown Exits Taken 2 | 1 1 . Scrap Searched . | . . . Spaces Dug . | . . . Terrain Destroyed . | . . . Melee . | . . . Projectile . | . . . AOE . | . . . Terrain Rammed . | . . . Walls Destroyed . | . . . Machines Disabled . | . . . Actions | -11 -10 -10 --------- Run | Yrd Mat Min Total 426 | 97 326 3 Wait . | . . . Move 325 | 73 252 . Hop . | . . . Pick Up 13 | 8 5 . Fast Attach . | . . . Attach 7 | 6 1 . Detach . | . . . Swap 1 | . 1 . Drop . | . . . Fire 77 | 7 67 3 Melee . | . . . Ram . | . . . Kick . | . . . Crush 3 | 3 . . Escape Stasis . | . . . Rewire . | . . . Trap . | . . . Miscellaneous . | . . . Route ------- -11/Scrapyard -10/Materials (discovered 2 exits: [*Mat] / [*Min]) -10/Mines History --------- Turn | Location | Event 7 | -11/Scrapyard | Discovered new exit (range 15) 141 | -11/Scrapyard | Entered Materials 313 | -10/Materials | Build established: Mutant 426 | -10/Materials | Discovered new exit (range 7) 575 | -10/Materials | Core integrity fell below 50% 594 | -10/Materials | Discovered new exit (range 12) 654 | -10/Materials | Core integrity fell below 20% 735 | -10/Materials | Entered Mines 741 | -10/Mines | Destroyed by S-10 Pest with Light Assault Rifle Last Messages --------------- 00634_ K-01 Serf collects debris. 00635_ R-06 Scavenger collects Lgt. Nuclear Core. 00637_ Lgt. Treads destroyed. 00638_ K-01 Serf collects debris. 00639_ Destroyed Flight Unit. 00641_ K-01 Serf collects debris. 00643_ S-10 Pest destroyed. 00646_ K-01 Serf collects debris. 00655_ Flight Unit melted. 00655_ Lgt. Ion Engine melted. 00655_ S-10 Pest destroyed. 00657_ K-01 Serf collects debris. 00667_ R-06 Scavenger collects Aluminum Leg. 00671_ R-06 Scavenger collects Ion Engine. LOCATION=UNKNOWN GOAL=ESCAPE Something is scanning the area. 00737_ S-10 Pest destroyed. 00740_ Sml. Laser destroyed. Map ----- +----------------------------------------------------+ | | | | | | | | | | | | | | | | | ????????????????????????????????? | | ????????????????????????????????? | | ????????????????????????????????? | | ????????????????????????????????? | | ????????????????????????????????? | | ????????????????????????????????? | | ??????????????????????###???????? | | ?????????????????????? ???????? | | ?????????????????????? ? #??? | | ????????????????????? = #??? | | ?????????????????? """s""" #??? | | ?????????????????? """ """ #??? | | ??????????????????? """ """s#??? | | ?????????????????? #??? | | ????????????????? """ #??? | | ????????????????# """ #??? | | ????????????????# """ #??? | | ????????????????# @ #??? | | ????????????????# #??? | | ????????????????##############??? | | ????????????????????????????????? | | ????????????????????????????????? | | ????????????????????????????????? | | ????????????????????????????????? | | ????????????????????????????????? | | ????????????????????????????????? | | ????????????????????????????????? | | ????????????????????????????????? | | ????????????????????????????????? | | ????????????????????????????????? | | ????????????????????????????????? | | ????????????????????????????????? | | ????????????????????????????????? | | ????????????????????????????????? | | ????????????????????????????????? | | ????????????????????????????????? | | ????????????????????????????????? | | ????????????????????????????????? | | ????????????????????????????????? | | ????????????????????????????????? | | ????????????????????????????????? | | ????????????????????????????????? | +----------------------------------------------------+ Best States ------------- Heat Dissipation 25 Energy Generation 14 Energy Capacity 160 Matter Stores 300 Matter Capacity 300 Sight Range 16 Terrain Scan Density 10 Evasion (%) 40 Recoil Reduction 2 Item Schematics ----------------- None Robot Schematics ------------------ None Fabricated ------------ Nothing Alien Tech Used ----------------- None Achievements -------------- None Challenges ------------ None Game ------ Seed UtilityAssaultWarhead Manual? 0 Play Time 00:05:26 Cumulative 7.7 hours Start 2024.04.21 @ 23:04:02 End 2024.04.21 @ 23:09:23 Sessions 1 Manual Loads 0 Difficulty Rogue Special Mode None Game No. 18 Rogue 18 Adventurer 0 Explorer 0 Win Type - Total 0 Types 0/0/0/0/0/0/0/0/0 Lore% 8 Gallery% 14 Achievement% 13 Wizard Run 0 Options --------- Layout 1 ASCII 0 Keyboard 0 Movement Vi Keybinds 0 Fullscreen 1 Font 24/Smallcaps Map View 50x35 Zoom Use 0% Tactical HUD 1 Map Filters NONE Filters NONE Steam 1 RUN: 769268a0-46f6-4e2d-9d08-e200c424b422